 Dungeon Crawl Stone Soup version 0.23.2-1-ga50397a (webtiles) character file.

Game seed: 3856220011807547281

1390 Borgoz the Ducker (level 8, -7/61 HPs)
             Began as a Demonspawn Gladiator on May 16, 2019.
             Was a Follower of Okawaru.
             Mangled by an ogre
             ... wielding a +0 giant club
              (20 damage)
             ... on level 6 of the Dungeon.
             The game lasted 00:08:04 (5493 turns).

Borgoz the Ducker (Demonspawn Gladiator)            Turns: 5493, Time: 00:08:04

Health: -7/61      AC: 15    Str: 13 (14) XL:     8   Next: 40%
Magic:  8/8        EV: 11    Int:  9 (11) God:    Okawaru [*.....]
Gold:   296        SH:  0    Dex: 13 (16) Spells: 7/7 levels left

rFire    + + .     SeeInvis +   y - +1 whip (elec)
rCold    + + .     Gourm    .   (no shield)
rNeg     . . .     Faith    .   C - +0 scale mail
rPois    +         Spirit   .   c - +0 helmet
rElec    +         Reflect  .   z - scarf {rC+ rF+}
rCorr    +         Harm     .   (no gloves)
MR       .....                  b - +0 pair of boots
Stlth    +.........             (no amulet)
HPRegen  0.20/turn              a - ring of see invisible
MPRegen  0.11/turn              (no ring)

@: resistant, sanguine armour
A: hooves 2, nightstalker 1, sanguine armour 1
a: Heroism, Renounce Religion


You were on level 6 of the Dungeon.
You worshipped Okawaru.
Okawaru was aware of your devotion.
You were not hungry.

You visited 2 branches of the dungeon, and saw 7 of its levels.

You collected 296 gold pieces.

Inventory:

Hand Weapons
 y - a +1 whip of electrocution (weapon)
Armour
 b - a +0 pair of boots (worn)
 c - a +0 helmet (worn)
 m - a +0 plate armour
 z - a scarf of resistance (worn)
 C - a +0 scale mail (worn)
Jewellery
 a - a ring of see invisible (left hand)
 n - an uncursed ring of wizardry
 x - an uncursed ring of magical power
Scrolls
 d - a scroll of enchant weapon {unknown}
 e - 2 scrolls of magic mapping {unknown}
 g - 4 scrolls of remove curse
 l - 6 scrolls of teleportation {unknown}
 o - a scroll of fog {unknown}
 p - a scroll of enchant armour {unknown}
 u - 6 scrolls of identify {unknown}
 v - a scroll of fear {unknown}
Potions
 h - a potion of cancellation {unknown}
 i - 2 potions of berserk rage {unknown}
 j - 2 potions of lignification {unknown}
 k - a potion of invisibility {unknown}
 s - a potion of magic {unknown}
 t - a potion of mutation {unknown}
 w - a potion of degeneration
 A - 2 potions of heal wounds {unknown}
 B - a potion of curing {unknown}
Comestibles
 f - 8 rations


   Skills:
 + Level 4.3 Fighting
 * Level 5.7 Maces & Flails
 - Level 1.8 Throwing
 * Level 4.8 Armour
 * Level 5.7 Dodging


You had 7 spell levels left.
You didn't know any spells.
Your spell library contained the following spells:

 Spells                   Type           Power        Failure   Level  Hunger
 Animate Skeleton         Necr           N/A          86%         1    ##.....
 Apportation              Tloc           #.....       86%         1    ##.....
 Confusing Touch          Hex            #.....       86%         1    ##.....
 Summon Small Mammal      Summ           #...         86%         1    ##.....


Dungeon Overview and Level Annotations

Branches:
Dungeon (6/15)             Temple (1/1) D:5

Altars:
Ashenzari
Dithmenos
Gozag
Hepliaklqana
Makhleb
Nemelex Xobeh
Okawaru
Sif Muna
Trog
Vehumet
Wu Jian
Yredelemnul
Zin
The Shining One


Innate Abilities, Weirdness & Mutations

You have hoof-like feet.
You are slightly more attuned to the shadows.
When seriously injured, your bleeding wounds create armour. (AC +6)


Message History

The ogre misses you.
The centaur skeleton struggles against the net.
Firing (i - inventory) No suitable missiles.
Press: ? - help, Shift-Dir - straight line, f/p - ogre
Aim: an ogre, wielding a +0 giant club (moderately wounded)
Okay, then.
You aren't carrying any items that you can evoke.
Okay, then.
Okay, then.
Okay, then.
It was a potion of resistance.
You feel protected.
The centaur skeleton struggles against the net.
The crimson imp blinks!
The ogre misses you.
It was a potion of degeneration.
There was something very wrong with that liquid.
You feel weakened.
You feel dopey.
You feel clumsy.
The centaur skeleton struggles against the net.
The ogre hits you with a +0 giant club!!
You die...

#...##.#
#...##.#
#...##.#
#..>##.#
#...#..>
#...##.#
#...##.#
###.##.#
#.##@# .
#..#O####..
##.wZ5.....
###ooo####.#
#ยง<## #.#
##..####..#
#.........
##...##.###
#.#......#.


You could see an ogre, a worm, an orc wizard, a shadow imp, 2 orcs and a centaur
skeleton (caught).

Vanquished Creatures
  Grinder (D:3)
  A phantom (D:6)
  2 sky beasts
  A bullfrog (D:6)
  Blork the orc (D:5)
  A scorpion (D:6)
  A crimson imp (D:5)
  A hound (D:6)
  2 bullfrog skeletons (D:5)
  4 orc priests
  2 centaur skeletons
  An orc wizard (D:4)
  3 iguanas
  4 worker ants
  A hound zombie (D:6)
  Robin (D:3)
  A hound skeleton (D:6)
  3 gnolls (D:4)
  7 adders
  A shadow imp (D:5)
  2 oozes
  An adder zombie (D:6)
  4 worms
  3 dart slugs
  4 leopard geckos
  8 orcs
  3 giant cockroaches
  15 goblins
  5 hobgoblins
  3 jackals (D:1)
  A quokka (D:4)
  3 ball pythons
  A ball python skeleton (D:4)
  5 bats
  3 frilled lizards
  8 kobolds
  2 quokka skeletons
  7 rats
117 creatures vanquished.

Notes
Turn   | Place    | Note
-------+----------+-------------------------------------------
     0 | D:1      | Borgoz the Demonspawn Gladiator began the quest for the
                  | Orb.
     0 | D:1      | Reached XP level 1. HP: 16/16 MP: 1/1
   333 | D:1      | Gained mutation: You have large cloven feet. [demonic
                  | ancestry]
   333 | D:1      | Reached XP level 2. HP: 22/22 MP: 2/2
   383 | D:1      | You fall through a shaft!
   422 | D:2      | Reached skill level 1 in Armour
   422 | D:2      | Gained mutation: You have hoof-like feet. [demonic
                  | ancestry]
   422 | D:2      | Reached XP level 3. HP: 25/27 MP: 3/3
  1356 | D:2      | Gained mutation: When seriously injured, your bleeding
                  | wounds create armour. (AC +6) [demonic ancestry]
  1356 | D:2      | Reached XP level 4. HP: 20/34 MP: 4/4
  1886 | D:3      | Noticed Grinder
  1890 | D:3      | Paralysed by Grinder for 7 turns
  1902 | D:3      | Paralysed by Grinder for 2 turns
  1913 | D:3      | Killed Grinder
  1913 | D:3      | Reached XP level 5. HP: 18/41 MP: 5/5
  1913 | D:3      | Reached XP level 6. HP: 21/47 MP: 6/6
  2383 | D:3      | Noticed Robin
  2419 | D:3      | Killed Robin
  2989 | D:4      | Noticed a sky beast
  3015 | D:4      | Killed a sky beast
  3232 | D:4      | Gained mutation: You are slightly more attuned to the
                  | shadows. [demonic ancestry]
  3232 | D:4      | Reached XP level 7. HP: 20/52 MP: 7/7
  3776 | D:4      | Found a sparkling altar of Nemelex Xobeh.
  3961 | D:5      | Entered Level 5 of the Dungeon
  4042 | D:5      | Noticed Blork the orc
  4048 | D:5      | Killed Blork the orc
  4048 | D:5      | Reached skill level 5 in Maces & Flails
  4053 | D:5      | Reached skill level 5 in Dodging
  4158 | D:5      | Found a staircase to the Ecumenical Temple.
  4171 | Temple   | Entered the Ecumenical Temple
  4388 | Temple   | Became a worshipper of Warmaster Okawaru
  4544 | D:5      | Reached XP level 8. HP: 60/60 MP: 8/8
  5486 | D:6      | Reached * piety under Okawaru
  5493 | D:6      | Mangled by an ogre

Skill      XL: |  1  2  3  4  5  6  7 |
---------------+----------------------+-----
Dodging        | 3 4 5 |  5.7
Maces & Flails | 3 4 5 |  5.7
Armour         | 1 2 3 4 |  4.8
Fighting       | 3 4 |  4.3
Throwing       | |  1.8

Action                   |  1- 3 |  4- 6 |  7- 9 || total
-------------------------+-------+-------+-------++-------
Melee: Flail             |    86 |    25 |       ||   111
       Kick              |    17 |    31 |       ||    48
       Whip              |       |   141 |   193 ||   334
Throw: Throwing net      |       |     3 |     1 ||     4
  Use: Scroll            |       |     1 |       ||     1
       Potion            |       |       |     2 ||     2
 Stab: Sleeping          |       |       |     2 ||     2
  Eat: Chunk             |       |     7 |     4 ||    11
       Ration            |       |       |     1 ||     1
Armor: Leather armour    |    28 |    29 |       ||    57
       Ring mail         |       |    30 |     4 ||    34
       Scale mail        |       |       |    48 ||    48
Dodge: Dodged            |    61 |   113 |    95 ||   269
